Workbook
Name All_Grant_App_Info: 'Merge Sheet'!$A$3:$BG$35
Name Budget_Info: 'ARPA FR Application'!$B$108:$K$140
Name Grant_Questions: 'Merge Sheet'!$A$3:$BA$3

Sheet ARPA FR Application
B2: American Rescue Plan Act (ARPA) First Responder Wellness, Recruitment, Retention, & Resiliency Grant Application
B3: Agency Name
B4: Street Address | D4: City
B5: Zip | D5: County
B7: Authorized Signatory Official
B8: Name | D8: Title
B9: Phone | D9: Email
B10: Organization
B11: Street Address | D11: City
B12: Zip | D12: County
B14: Project Manager
B15: Name | D15: Title
B16: Phone | D16: Email
B17: Organization
B18: Street Address | D18: City
B19: Zip | D19: County
B21: Project Fiscal Manager
B22: Name | D22: Title
B23: Phone | D23: Email
B24: Organization
B25: Street Address | D25: City
B26: Zip | D26: County
B29: Project Eligibility: Hiring and Payroll for First Responders | H29: For First Responder Personnel Payroll Cost Projects | K29: For Retention Bonuses, Incentives and Activities Projects
B30: To qualify for this project, complete ONE of the following, depending on whether hiring is to replace vacant or eliminated positions or to increase staffing levels to pre-pandemic levels (which can be adjusted up by 7.5%). A “Yes” for either question is required to be eligible for funding.
B32: Filling Positions Left Vacant or Eliminated During the Pandemic
B33: 1. Were positions vacated or eliminated between 1/27/2020 and 3/03/2021?
B35: Please indicate the number of First Responders on staff on the following dates:
B36: 1/27/2020: # of Staff
B38: 3/03/2021: # of Staff
B40: Hiring Staff Up-To and Above (by up to 7.5%) Pre-Pandemic Levels
B41: 2. Was your number of First Responder FTEs on 3/03/2021 lower than your FTE's on 1/27/2020?
B43: Please indicate the number of FTEs on the following dates:
B44: 1/27/2020: # of FTEs | D44: x 1.075 =
B46: 3/03/2021: # of FTEs
B50: Project Eligibility: Retention Bonuses, Incentives, and Activities | H50: For First Responder Personnel Payroll Cost Projects | K50: For Retention Bonuses, Incentives and Activities Projects
B51: To qualify for retention bonuses and incentives referenced above, complete the items below. If not applying for staff retention bonus payments then leave blank. A “Yes” required for both A. and B. in order to be eligible for either C. or D.
B53: A. Are you applying to pay rentention bonuses to public sector staff?
B55: B. Are these staff likely to leave the agency if not for the bonus pay?
B57: Please explain:
B65: C. Is this bonus for a specific individual who is likley to leave?
B66: If "Yes", then you may apply for a bonus of up to 25% of that person's annual base pay.
B68: D. Is this bonus for a group of staff who are likley to leave?
B69: If "Yes", then you may apply for a bonus of up to 10% of each person's annual base pay.
B71: Note: “Retention incentives must be entirely additive to an employee’s regular compensation, narrowly tailored to need, and should not exceed incentives traditionally offered by the recipient or compensation that alternative employers may offer to compete for the employees. Treasury presumes that retention incentives that are less than 25 percent of the rate of base pay for an individual employee or 10 percent for a group or category of employees are reasonably proportional to the need to retain employees, as long as other requirements are met.” (Coronavirus State & Local Fiscal Recovery Funds: Overview of the Final Rule, p. 28)
B75: Project Applications | H75: For First Responder Personnel Payroll Cost Projects | K75: For Retention Bonuses, Incentives and Activities Projects
B76: Please answer the following questions to indicate which projects you are applying for funding to assist First Responders
B78: 1. Are you applying for funding to assist in the hiring of First Responders?
B80: 2. Are you applying for funding to assist in the retention of First Responders?
B82: 3. Are you applying for funding to address the wellness of First Responders?
B86: Project Narrative Describe the project/projects to be implemented with grant funding. Narratives must respond to the following:
B88: Describe the project/projects to be implemented with grant funding. Narratives must respond to the following: 1. Please describe the behavioral health, recruitment, or retention problem to be addressed by the proposed program.
B91: 2. Please describe the project/projects to be implemented that will address the problem stated above.
B94: 3. Please describe the benefits of the proposed program for First Responders.
B97: 4. Please describe the history and background of the programs being recommended.
B100: 5. Please describe any measures or metrics that will be used to evaluate the efficacy of the program.
B103: 6. Please describe the plan to partner with local resources in providing training or support for First Responders.
B106: Budget Description Describe any costs associated with implementing the activities described in the narrative.
B107: Project Type | D107: Expense Type | F107: Quantity/ # of Hours | G107: Item Cost | H107: Total Cost | I107: Description/Justification

Sheet Merge Sheet
F1: ='ARPA FR Application'!B7 -> Authorized Signatory Official | O1: ='ARPA FR Application'!B14 -> Project Manager | X1: ='ARPA FR Application'!B21 -> Project Fiscal Manager | AG1: ='ARPA FR Application'!B32 -> Filling Positions Left Vacant or Eliminated During the Pandemic | AJ1: ='ARPA FR Application'!B40 -> Hiring Staff Up-To and Above (by up to 7.5%) Pre-Pandemic Levels | AN1: ='ARPA FR Application'!B50 -> Project Eligibility: Retention Bonuses, Incentives, and Activities | AS1: ='ARPA FR Application'!B75 -> Project Applications | AV1: ='ARPA FR Application'!B86 -> Project Narrative Describe the project/projects to be implemented with grant funding. Narratives must respond to the following: | BB1: ='ARPA FR Application'!B106 -> Budget Description Describe any costs associated with implementing the activities described in the narrative.
A2: ='ARPA FR Application'!B3 -> Agency Name | B2: ='ARPA FR Application'!B4 -> Street Address | C2: ='ARPA FR Application'!B5 -> Zip | D2: ='ARPA FR Application'!D4 -> City | E2: ='ARPA FR Application'!D5 -> County | F2: ='ARPA FR Application'!B8 -> Name | G2: ='ARPA FR Application'!B9 -> Phone | H2: ='ARPA FR Application'!B10 -> Organization | I2: ='ARPA FR Application'!B11 -> Street Address | J2: ='ARPA FR Application'!B12 -> Zip | K2: ='ARPA FR Application'!D8 -> Title | L2: ='ARPA FR Application'!D9 -> Email | M2: ='ARPA FR Application'!D11 -> City | N2: ='ARPA FR Application'!D12 -> County | O2: ='ARPA FR Application'!B15 -> Name | P2: ='ARPA FR Application'!B16 -> Phone | Q2: ='ARPA FR Application'!B17 -> Organization | R2: ='ARPA FR Application'!B18 -> Street Address | S2: ='ARPA FR Application'!B19 -> Zip | T2: ='ARPA FR Application'!D15 -> Title | U2: ='ARPA FR Application'!D16 -> Email | V2: ='ARPA FR Application'!D18 -> City | W2: ='ARPA FR Application'!D19 -> County | X2: ='ARPA FR Application'!B22 -> Name | Y2: ='ARPA FR Application'!B23 -> Phone | Z2: ='ARPA FR Application'!B24 -> Organization | AA2: ='ARPA FR Application'!B25 -> Street Address | AB2: ='ARPA FR Application'!B26 -> Zip | AC2: ='ARPA FR Application'!D22 -> Title | AD2: ='ARPA FR Application'!D23 -> Email | AE2: ='ARPA FR Application'!D25 -> City | AF2: ='ARPA FR Application'!D26 -> County | AG2: ='ARPA FR Application'!B33 -> 1. Were positions vacated or eliminated between 1/27/2020 and 3/03/2021? | AH2: ='ARPA FR Application'!B36 -> 1/27/2020: # of Staff | AI2: ='ARPA FR Application'!B38 -> 3/03/2021: # of Staff | AJ2: ='ARPA FR Application'!B41 -> 2. Was your number of First Responder FTEs on 3/03/2021 lower than your FTE's on 1/27/2020? | AK2: ='ARPA FR Application'!B44 -> 1/27/2020: # of FTEs | AL2: ='ARPA FR Application'!D44 -> x 1.075 = | AM2: ='ARPA FR Application'!B46 -> 3/03/2021: # of FTEs | AN2: ='ARPA FR Application'!B53 -> A. Are you applying to pay rentention bonuses to public sector staff? | AO2: ='ARPA FR Application'!B55 -> B. Are these staff likely to leave the agency if not for the bonus pay? | AP2: ='ARPA FR Application'!B57 -> Please explain: | AQ2: ='ARPA FR Application'!B65 -> C. Is this bonus for a specific individual who is likley to leave? | AR2: ='ARPA FR Application'!B68 -> D. Is this bonus for a group of staff who are likley to leave? | AS2: ='ARPA FR Application'!B78 -> 1. Are you applying for funding to assist in the hiring of First Responders? | AT2: ='ARPA FR Application'!B80 -> 2. Are you applying for funding to assist in the retention of First Responders? | AU2: ='ARPA FR Application'!B82 -> 3. Are you applying for funding to address the wellness of First Responders? | AV2: ='ARPA FR Application'!B88 -> Describe the project/projects to be implemented with grant funding. Narratives must respond to the following: 1. Please describe the behavioral health, recruitment, or retention problem to be addressed by the proposed program. | AW2: ='ARPA FR Application'!B91 -> 2. Please describe the project/projects to be implemented that will address the problem stated above. | AX2: ='ARPA FR Application'!B94 -> 3. Please describe the benefits of the proposed program for First Responders. | AY2: ='ARPA FR Application'!B97 -> 4. Please describe the history and background of the programs being recommended. | AZ2: ='ARPA FR Application'!B100 -> 5. Please describe any measures or metrics that will be used to evaluate the efficacy of the program. | BA2: ='ARPA FR Application'!B103 -> 6. Please describe the plan to partner with local resources in providing training or support for First Responders. | BB2: ='ARPA FR Application'!B107 -> Project Type | BC2: ='ARPA FR Application'!D107 -> Expense Type | BD2: ='ARPA FR Application'!F107 -> Quantity/ # of Hours | BE2: ='ARPA FR Application'!G107 -> Item Cost | BF2: ='ARPA FR Application'!H107 -> Total Cost | BG2: ='ARPA FR Application'!I107 -> Description/Justification
A3: ='ARPA FR Application'!C3 -> 0 | B3: ='ARPA FR Application'!C4 -> 0 | C3: ='ARPA FR Application'!C5 -> 0 | D3: ='ARPA FR Application'!E4 -> 0 | E3: ='ARPA FR Application'!E5 -> 0 | F3: ='ARPA FR Application'!C8 -> 0 | G3: ='ARPA FR Application'!C9 -> 0 | H3: ='ARPA FR Application'!C10 -> 0 | I3: ='ARPA FR Application'!C11 -> 0 | J3: ='ARPA FR Application'!C12 -> 0 | K3: ='ARPA FR Application'!E8 -> 0 | L3: ='ARPA FR Application'!E9 -> 0 | M3: ='ARPA FR Application'!E11 -> 0 | N3: ='ARPA FR Application'!E12 -> 0 | O3: ='ARPA FR Application'!C15 -> 0 | P3: ='ARPA FR Application'!C16 -> 0 | Q3: ='ARPA FR Application'!C17 -> 0 | R3: ='ARPA FR Application'!C18 -> 0 | S3: ='ARPA FR Application'!C19 -> 0 | T3: ='ARPA FR Application'!E15 -> 0 | U3: ='ARPA FR Application'!E16 -> 0 | V3: ='ARPA FR Application'!E18 -> 0 | W3: ='ARPA FR Application'!E19 -> 0 | X3: ='ARPA FR Application'!C22 -> 0 | Y3: ='ARPA FR Application'!C23 -> 0 | Z3: ='ARPA FR Application'!C24 -> 0 | AA3: ='ARPA FR Application'!C25 -> 0 | AB3: ='ARPA FR Application'!C26 -> 0 | AC3: ='ARPA FR Application'!E22 -> 0 | AD3: ='ARPA FR Application'!E23 -> 0 | AE3: ='ARPA FR Application'!E25 -> 0 | AF3: ='ARPA FR Application'!E26 -> 0 | AG3: ='ARPA FR Application'!E33 -> 0 | AH3: ='ARPA FR Application'!C36 -> 0 | AI3: ='ARPA FR Application'!C38 -> 0 | AJ3: ='ARPA FR Application'!E41 -> 0 | AK3: ='ARPA FR Application'!C44 -> 0 | AL3: ='ARPA FR Application'!E44 -> 0 | AM3: ='ARPA FR Application'!C46 -> 0 | AN3: ='ARPA FR Application'!D53 -> 0 | AO3: ='ARPA FR Application'!D55 -> 0 | AP3: ='ARPA FR Application'!C57 -> 0 | AQ3: ='ARPA FR Application'!D65 -> 0 | AR3: ='ARPA FR Application'!D68 -> 0 | AS3: ='ARPA FR Application'!E78 -> 0 | AT3: ='ARPA FR Application'!E80 -> 0 | AU3: ='ARPA FR Application'!E82 -> 0 | AV3: ='ARPA FR Application'!B89 -> 0 | AW3: ='ARPA FR Application'!B92 -> 0 | AX3: ='ARPA FR Application'!B95 -> 0 | AY3: ='ARPA FR Application'!B98 -> 0 | AZ3: ='ARPA FR Application'!B101 -> 0 | BA3: ='ARPA FR Application'!B104 -> 0 | BB3: ='ARPA FR Application'!B108 -> 0 | BC3: ='ARPA FR Application'!D108 -> 0 | BD3: ='ARPA FR Application'!F108 -> 0 | BE3: ='ARPA FR Application'!G108 -> 0 | BF3: ='ARPA FR Application'!H108 -> 0 | BG3: ='ARPA FR Application'!I108 -> 0
BB4: ='ARPA FR Application'!B109 -> 0 | BC4: ='ARPA FR Application'!D109 -> 0 | BD4: ='ARPA FR Application'!F109 -> 0 | BE4: ='ARPA FR Application'!G109 -> 0 | BF4: ='ARPA FR Application'!H109 -> 0 | BG4: ='ARPA FR Application'!I109 -> 0
BB5: ='ARPA FR Application'!B110 -> 0 | BC5: ='ARPA FR Application'!D110 -> 0 | BD5: ='ARPA FR Application'!F110 -> 0 | BE5: ='ARPA FR Application'!G110 -> 0 | BF5: ='ARPA FR Application'!H110 -> 0 | BG5: ='ARPA FR Application'!I110 -> 0
BB6: ='ARPA FR Application'!B111 -> 0 | BC6: ='ARPA FR Application'!D111 -> 0 | BD6: ='ARPA FR Application'!F111 -> 0 | BE6: ='ARPA FR Application'!G111 -> 0 | BF6: ='ARPA FR Application'!H111 -> 0 | BG6: ='ARPA FR Application'!I111 -> 0
BB7: ='ARPA FR Application'!B112 -> 0 | BC7: ='ARPA FR Application'!D112 -> 0 | BD7: ='ARPA FR Application'!F112 -> 0 | BE7: ='ARPA FR Application'!G112 -> 0 | BF7: ='ARPA FR Application'!H112 -> 0 | BG7: ='ARPA FR Application'!I112 -> 0
BB8: ='ARPA FR Application'!B113 -> 0 | BC8: ='ARPA FR Application'!D113 -> 0 | BD8: ='ARPA FR Application'!F113 -> 0 | BE8: ='ARPA FR Application'!G113 -> 0 | BF8: ='ARPA FR Application'!H113 -> 0 | BG8: ='ARPA FR Application'!I113 -> 0
BB9: ='ARPA FR Application'!B114 -> 0 | BC9: ='ARPA FR Application'!D114 -> 0 | BD9: ='ARPA FR Application'!F114 -> 0 | BE9: ='ARPA FR Application'!G114 -> 0 | BF9: ='ARPA FR Application'!H114 -> 0 | BG9: ='ARPA FR Application'!I114 -> 0
BB10: ='ARPA FR Application'!B115 -> 0 | BC10: ='ARPA FR Application'!D115 -> 0 | BD10: ='ARPA FR Application'!F115 -> 0 | BE10: ='ARPA FR Application'!G115 -> 0 | BF10: ='ARPA FR Application'!H115 -> 0 | BG10: ='ARPA FR Application'!I115 -> 0
BB11: ='ARPA FR Application'!B116 -> 0 | BC11: ='ARPA FR Application'!D116 -> 0 | BD11: ='ARPA FR Application'!F116 -> 0 | BE11: ='ARPA FR Application'!G116 -> 0 | BF11: ='ARPA FR Application'!H116 -> 0 | BG11: ='ARPA FR Application'!I116 -> 0
BB12: ='ARPA FR Application'!B117 -> 0 | BC12: ='ARPA FR Application'!D117 -> 0 | BD12: ='ARPA FR Application'!F117 -> 0 | BE12: ='ARPA FR Application'!G117 -> 0 | BF12: ='ARPA FR Application'!H117 -> 0 | BG12: ='ARPA FR Application'!I117 -> 0
BB13: ='ARPA FR Application'!B118 -> 0 | BC13: ='ARPA FR Application'!D118 -> 0 | BD13: ='ARPA FR Application'!F118 -> 0 | BE13: ='ARPA FR Application'!G118 -> 0 | BF13: ='ARPA FR Application'!H118 -> 0 | BG13: ='ARPA FR Application'!I118 -> 0
BB14: ='ARPA FR Application'!B119 -> 0 | BC14: ='ARPA FR Application'!D119 -> 0 | BD14: ='ARPA FR Application'!F119 -> 0 | BE14: ='ARPA FR Application'!G119 -> 0 | BF14: ='ARPA FR Application'!H119 -> 0 | BG14: ='ARPA FR Application'!I119 -> 0
BB15: ='ARPA FR Application'!B120 -> 0 | BC15: ='ARPA FR Application'!D120 -> 0 | BD15: ='ARPA FR Application'!F120 -> 0 | BE15: ='ARPA FR Application'!G120 -> 0 | BF15: ='ARPA FR Application'!H120 -> 0 | BG15: ='ARPA FR Application'!I120 -> 0
... BB35: ='ARPA FR Application'!B140 -> 0 | BC35: ='ARPA FR Application'!D140 -> 0 | BD35: ='ARPA FR Application'!F140 -> 0 | BE35: ='ARPA FR Application'!G140 -> 0 | BF35: ='ARPA FR Application'!H140 -> 0 | BG35: ='ARPA FR Application'!I140 -> 0
